 Dungeon Sprint DCSS version 0.30-a0-1066-g63dfefce0d (webtiles) character file.

Game seed: 4920137336683649167

48 dduke234 the Fighter (level 7, -6/53 HPs)
             Began as a Tengu Monk on Apr 12, 2023.
             Was an Initiate of Gozag.
             Mangled by a gnoll sergeant
             ... wielding a +1 trident of pain
              (9 damage)
             ... in the Dungeon (Sprint VI: "Thunderdome").
             The game lasted 00:09:10 (498 turns).

dduke234 the Fighter (Tengu Monk)                    Turns: 498, Time: 00:09:12

Health: -6/53      AC:  2    Str: 23    XL:     7   Next: 89%
Magic:  8/8        EV: 21    Int:  9    God:    Gozag
Gold:   394        SH:  5    Dex: 18    Spells: 6/6 levels left

rFire   . . .      SeeInvis .    a - +0 spear (vamp)
rCold   . . .      Faith    .    d - orb {light}
rNeg    . . .      Spirit   .    b - +0 robe
rPois   +          Reflect  +    (helmet restricted)
rElec   +          Rampage  .    (no cloak)
rCorr   .          NoTele   +    (no gloves)
Will    .....      Rage     3%   (boots unavailable)
Stlth   +                        p - amulet "Faetuulee" {Reflect Int+2 SH+5}
HPRegen 0.28/turn                o - ring "Zivudeh" {rPois Str+6}
MPRegen 0.11/turn                q - ring "Roset" {Fly rElec Str+5 Dex-3}

@: lethally poisoned (-6 -> -9), gold aura, on berserk cooldown, flying quickly
and evasively, slowed, glowing, very slow
A: beak, talons 3, nimble flight, agile 1, berserk 1, dopey 1, MP-powered wands
a: Renounce Religion, Potion Petition, Call Merchant, Bribe Branch


You were in the Dungeon.
You worshipped Gozag.
Gozag was aware of your devotion.
You visited 1 branch You collected 928 gold pieces.
You spent 534 gold pieces at shops.

Inventory:

Hand Weapons
 a - a +0 vampiric spear (weapon)
Armour
 b - a +0 robe (worn)
 d - an orb of light (worn)
Jewellery
 o - the ring "Zivudeh" (left hand) {rPois Str+6}
   (You bought it in a shop in the Dungeon)

   [ring of strength]

   Str:       It affects your strength (+6).
   rPois:     It protects you from poison.
 p - the amulet "Faetuulee" (around neck) {Reflect Int+2 SH+5}
   (You bought it in a shop in the Dungeon)

   [amulet of reflection]

   It reflects blocked missile attacks.
   Int:       It affects your intelligence (+2).
   SH:        It affects your SH (+5).
 q - the ring "Roset" (right hand) {Fly rElec Str+5 Dex-3}
   (You bought it in a shop in the Dungeon)

   [ring of flight]

   Str:       It affects your strength (+5).
   Dex:       It affects your dexterity (-3).
   rElec:     It insulates you from electricity.
   Fly:       It grants you flight.
 r - the ring "Fuist" {rC+ Dex+6}
   (You bought it in a shop in the Dungeon)

   [ring of dexterity]

   Dex:       It affects your dexterity (+6).
   rC:        It protects you from cold.
Wands
 l - a wand of light (2)
 m - a wand of iceblast (1)
Scrolls
 j - 3 scrolls of blinking
 n - 3 scrolls of fog
Potions
 c - a potion of ambrosia
 e - a potion of curing
 f - 5 potions of heal wounds
 g - 4 potions of haste
 h - 2 potions of magic
 i - a potion of berserk rage
 k - 2 potions of resistance


   Skills:
 * Level 10.9 Fighting
 + Level 9.1 Polearms
 * Level 7.2 Armour
 + Level 8.8 Dodging
 - Level 2.0 Stealth
 + Level 1.4 Shields
 + Level 2.8 Evocations


You had 6 spell levels left.
You didn't know any spells.
Your spell library was empty.

Dungeon Overview and Level Annotations

Branches:
Dungeon (1/1)

Altars:
Cheibriados
Dithmenos
Fedhas
Gozag
Kikubaaqudgha
Makhleb
Okawaru
Qazlal
Ru
Sif Muna
Trog
Uskayaw
Vehumet
Wu Jian
Xom
Yredelemnul
Zin
The Shining One
Lugonu

Shops:
D *[??*?*:[((!!!!


Innate Abilities, Weirdness & Mutations

You have a beak for a mouth.
You have claws for feet.
Your magical nature lets you fly swiftly and evasively.
You are agile. (Dex +4, Str/Int -1)
You sometimes lose your temper in combat.
You are dopey. (Int -2)
You expend magic power (3 MP) to strengthen your wands.


Message History

You claw the gnoll sergeant. You peck the gnoll sergeant!
The gnoll sergeant is heavily wounded.
You feel sick.
The gnoll sergeant hits you with a +0 trident of venom.
You hit the gnoll sergeant.
You feel better.
The gnoll sergeant is severely wounded.
You feel sick.
You puncture the gnoll sergeant!
You kill the gnoll sergeant!
You feel sick.
You feel sick.
Things that are here:
a +0 spear; a +0 ring mail; a +0 kite shield You feel a strong urge to attack something.
You feel sick.
The gnoll sergeant is no longer distracted by gold.
The gnoll sergeant closely misses you.
You feel sick.
You feel your anger nearly subside.
You feel sick. The gnoll sergeant misses you.
You are no longer berserk.
You are exhausted.
You feel yourself slow down. The gnoll sergeant barely misses you.
You barely miss the gnoll sergeant. You claw the gnoll sergeant!
The gnoll sergeant is moderately wounded.
You feel sick. The gnoll sergeant misses you.
You hit the gnoll sergeant but do no damage.
You claw the gnoll sergeant, but do no damage.
The gnoll sergeant is moderately wounded.
You feel sick.
The gnoll sergeant hits you with a +1 trident of pain!
* * * LOW HITPOINT WARNING * * *
You hit the gnoll sergeant.
You feel better.
You claw the gnoll sergeant. Your peck misses the gnoll sergeant.
The gnoll sergeant is heavily wounded.
* * * LOW HITPOINT WARNING * * *
You feel sick.
The gnoll sergeant hits you with a +1 trident of pain!
You die...
Your body crumbles into a pile of gold.

##### ##⌠⌠⌠## #.....#
##..$..## ##∩.)...∩##
#∩.......∩# #_@.......#
#.g......_# #_......._#
###.........###
#§...........⌠#
######.8.........8.######
##..__......###......_._∩##
###∩........8.# #.8........∩#
##.............###............


You could see a gnoll sergeant.

Vanquished Creatures
  A redback (D)
  A water moccasin (D)
  2 phantoms (D)
  3 gnoll sergeants (D)
  A necrophage (D)
  3 scorpions (D)
  2 adder zombies (D)
13 creatures vanquished.

Notes
Turn   | Place    | Note
-------+----------+-------------------------------------------
     0 | D        | dduke234 the Tengu Monk began the quest for the Orb.
     0 | D        | Reached XP level 1. HP: 14/14 MP: 2/2
     3 | D        | Found a glowing golden altar of the Shining One.
     3 | D        | Found an opulent altar of Gozag.
     4 | D        | Found a glowing silver altar of Zin.
     5 | D        | Found an ancient bone altar of Kikubaaqudgha.
     5 | D        | Round 1.
     6 | D        | Found a hide-covered altar of Uskayaw.
     6 | D        | Found an ornate altar of the Wu Jian Council.
     6 | D        | Found Teep Mogh's Identification Station.
     7 | D        | Found Wodan's Jewellery.
     7 | D        | Found Biann's Advanced Armour.
    11 | D        | Found a corrupted altar of Lugonu.
    12 | D        | Found an iron altar of Okawaru.
    12 | D        | Noticed a scorpion
    13 | D        | Found a burning altar of Makhleb.
    16 | D        | Found Jiuzaqaj's Premium Goods.
    18 | D        | Found a stormy altar of Qazlal.
    18 | D        | Found a blossoming altar of Fedhas.
    18 | D        | Found a shimmering altar of Xom.
    18 | D        | Found Ecof's Weapon Rack.
    21 | D        | Killed a scorpion
    22 | D        | Reached skill level 5 in Fighting
    22 | D        | Reached skill level 5 in Dodging
    22 | D        | Reached XP level 2. HP: 4/21 MP: 3/3
    22 | D        | Reached XP level 3. HP: 5/26 MP: 4/4
    22 | D        | Reached XP level 4. HP: 6/31 MP: 5/5
    25 | D        | Found Yseakh's Miscellaneous Merchandise.
    25 | D        | Found Istel's Basic Armour.
    28 | D        | Found a snail-covered altar of Cheibriados.
    29 | D        | Found a basalt altar of Yredelemnul.
    32 | D        | Found Casaawn's Do-It-Yourself Clinic.
    33 | D        | Found a shimmering blue altar of Sif Muna.
    33 | D        | Found a bloodstained altar of Trog.
    33 | D        | Found Neschy's Distillery.
    34 | D        | Found Alarozith's Bottled Wisdom.
    34 | D        | Found Xasy Alir's Distillery.
    39 | D        | Found a shadowy altar of Dithmenos.
    41 | D        | Found a radiant altar of Vehumet.
    44 | D        | Found Wiptusec's Staff Store.
    45 | D        | Found a sacrificial altar of Ru.
    45 | D        | Found Nyqo's Magic Scroll Shop.
    46 | D        | Found Jiamicri's Must-Have Magic.
    46 | D        | Found Ociuloni's Magic Scroll Shop.
    59 | D        | Became a worshipper of Gozag Ym Sagoz the Greedy
    71 | D        | Noticed a scorpion
    78 | D        | Killed a scorpion
    79 | D        | Reached skill level 6 in Fighting
    79 | D        | Reached skill level 5 in Polearms
    98 | D        | Bought a bound iron ring for 45 gold pieces
    98 | D        | Identified the ring "Zivudeh" {rPois Str+6} (You bought it
                  | in a shop in the Dungeon)
    98 | D        | Bought a brightly glowing bronze amulet for 45 gold pieces
    98 | D        | Identified the amulet "Faetuulee" {Reflect Int+2 SH+5} (You
                  | bought it in a shop in the Dungeon)
    98 | D        | Bought a clouded silver ring for 45 gold pieces
    98 | D        | Identified the ring "Roset" {Fly rElec Str+5 Dex-3} (You
                  | bought it in a shop in the Dungeon)
    98 | D        | Bought a clouded lapis lazuli ring for 45 gold pieces
    98 | D        | Identified the ring "Fuist" {rC+ Dex+6} (You bought it in a
                  | shop in the Dungeon)
   137 | D        | Noticed a redback
   137 | D        | Noticed a water moccasin
   138 | D        | Noticed a scorpion
   145 | D        | Killed a redback
   145 | D        | Killed a water moccasin
   146 | D        | Reached skill level 8 in Fighting
   146 | D        | Reached skill level 5 in Armour
   146 | D        | Reached skill level 1 in Shields
   146 | D        | Gained mutation: Your magical nature lets you fly swiftly
                  | and evasively. [Tengu growth]
   146 | D        | Reached XP level 5. HP: 40/40 MP: 6/6
   146 | D        | Reached XP level 6. HP: 45/45 MP: 7/7
   151 | D        | Arena points: 12 (+12) [x2]
   152 | D        | Reached skill level 9 in Fighting
   228 | D        | Bought a scroll of brand weapon for 95 gold pieces
   229 | D        | Round 2.
   269 | D        | Reached XP level 7. HP: 47/52 MP: 8/8
   330 | D        | Reached skill level 10 in Fighting
   334 | D        | Arena points: 48 (+36) [x3]
   379 | D        | Bought a potion of mutation for 56 gold pieces
   381 | D        | Bought a potion of heal wounds for 35 gold pieces
   381 | D        | Bought a potion of mutation for 56 gold pieces
   381 | D        | Gained mutation: You possess an exceptional clarity of
                  | mind. [potion of mutation]
   381 | D        | Gained mutation: You are robust. (+10% HP) [potion of
                  | mutation]
   383 | D        | Lost mutation: You are robust. (+10% HP) [potion of
                  | mutation]
   383 | D        | Lost mutation: You possess an exceptional clarity of mind.
                  | [potion of mutation]
   383 | D        | Gained mutation: You are vulnerable to heat. (rF-) [potion
                  | of mutation]
   383 | D        | Gained mutation: You occasionally lose the ability to read
                  | scrolls when taking damage. [potion of mutation]
   383 | D        | Lost mutation: You are vulnerable to heat. (rF-) [potion of
                  | mutation]
   388 | D        | Bought 2 potions of mutation for 112 gold pieces
   388 | D        | Lost mutation: You occasionally lose the ability to read
                  | scrolls when taking damage. [potion of mutation]
   388 | D        | Gained mutation: You are agile. (Dex +4, Str/Int -1)
                  | [potion of mutation]
   388 | D        | Gained mutation: You occasionally lose the ability to drink
                  | potions when taking damage. [potion of mutation]
   388 | D        | Gained mutation: You sometimes lose your temper in combat.
                  | [potion of mutation]
   388 | D        | Gained mutation: Your flesh is cold resistant. (rC+)
                  | [potion of mutation]
   389 | D        | Lost mutation: You occasionally lose the ability to drink
                  | potions when taking damage. [potion of mutation]
   389 | D        | Lost mutation: Your flesh is cold resistant. (rC+) [potion
                  | of mutation]
   389 | D        | Gained mutation: You are dopey. (Int -2) [potion of
                  | mutation]
   389 | D        | Gained mutation: You expend magic power (3 MP) to
                  | strengthen your wands. [potion of mutation]
   406 | D        | Round 3.
   498 | D        | Mangled by a gnoll sergeant

Illustrated notes

Levels and vault maps discovered:
D:        arena_sprint

Skill      XL: |  1  2  3  4  5  6  7 |
---------------+----------------------+-----
Fighting       | 5 8 9 10 | 10.9
Polearms       | 4 7 8 9 |  9.1
Armour         | 2 5 6 7 |  7.2
Dodging        | 5 7 8 |  8.8
Shields        | 1 |  1.4
Evocations     | 2 |  2.8
Stealth        | |  2.0

Action                     |  1- 3 |  4- 6 |  7- 9 || total
---------------------------+-------+-------+-------++-------
  Melee: Spear             |     1 |    12 |    51 ||    64
         Kick              |       |     4 |    22 ||    26
         Peck              |       |     2 |    12 ||    14
  Evoke: Wand              |     3 |     4 |       ||     7
    Use: Scroll            |       |     2 |       ||     2
         Potion            |       |       |     4 ||     4
   Stab: Distracted        |       |       |     1 ||     1
 Armour: Robe              |       |     1 |       ||     1
  Dodge: Dodged            |     1 |     9 |    20 ||    30
  Block: Orb               |       |     3 |     3 ||     6

Table legend: (Time is in decaauts)
 A = Elapsed time spent in this place.
 B = Non-inter-level travel time spent in this place.
 C = Inter-level travel time spent in this place.
 D = Time resting spent in this place.
 E = Time spent auto-exploring this place.
 F = Levels seen in this place.
 G = Mean time per level.
                   A        B        C        D        E       F      G
               +--------+--------+--------+--------+--------+-----+--------+
         Total |    448 |    446 |      2 |      0 |     16 |   1 |  448.0 |
       Dungeon |    448 |    446 |      2 |      0 |     16 |   1 |  448.0 |
               +--------+--------+--------+--------+--------+-----+--------+

Top non-repeatable levels by time:
       D: 448 daAuts
